 Dungeon Crawl Stone Soup version 0.31-a0-986-g5e6e4ef867 (webtiles) character file.

Game seed: 17702652532795294095

99 ytrimaz the Sneak (level 4, 0/37 (42) HPs)
             Began as an Octopode Shapeshifter on Nov 3, 2023.
             Slain by a wight
             ... wielding a +4 spear of freezing
              (1 damage)
             ... on level 3 of the Dungeon.
             The game lasted 00:01:39 (1524 turns).

ytrimaz the Sneak (Octopode Shapeshifter)           Turns: 1524, Time: 00:01:40

HP:   0/37 (42)     AC: 22    Str: 19    XL:     4   Next: 72%
MP:   4/4           EV:  2    Int: 12    God:
Gold: 76            SH:  0    Dex: 13    Spells: 3/3 levels left

rFire   . .          .
                       - Unarmed
rCold   . . .        (no shield)
rNeg    . . .        (helmet currently unavailable)
rPois   +            e - amulet of the acrobat
rElec   .            j - +6 ring of strength
rCorr   .            (no ring)
SInv    .            (no ring)
Will    .....        (no ring)
Stlth   +++          (no ring)
HPRegen 0.26/turn    (no ring)
MPRegen 0.09/turn    (no ring)
                     (no ring)

%: acrobat
@: tree-form, heavily drained
A: stationary, stasis, torment immunity, boosted hp, almost no armour,
(amphibious), 8 rings, (camouflage 1), (gelatinous body 1), (nimble swimmer 1),
(tentacles)
a: no special abilities


You were on level 3 of the Dungeon.
You were a tree.
You visited 1 branch of the dungeon, and saw 3 of its levels.

You collected 76 gold pieces.


Innate Abilities, Weirdness & Mutations

You are a tree.
Your roots penetrate the ground, keeping you stationary.
You cannot be teleported.
You are immune to unholy pain and torment.
Your maximum health is greatly increased.
You cannot wear most types of armour.
((You are amphibious.))
You can wear up to eight rings at the same time.
((Your skin changes colour to match your surroundings (Stealth+).))
((Your rubbery body absorbs attacks. (AC +1, EV +1)))
((You are camouflaged when in or above water. (Stealth+)))
((You have tentacles for arms and can constrict up to eight enemies at once.))


   Skills:
 - Level 1.0 Fighting
 - Level 2.0 Dodging
 + Level 6.1 Stealth
 - Level 3.0 Unarmed Combat
 - Level 3.0 Shapeshifting


You had 3 spell levels left.
You didn't know any spells.
Your spell library was empty.

Inventory:

Jewellery
 e - an amulet of the acrobat (around neck)
   (You found it on level 1 of the Dungeon)
 j - a +6 ring of strength (left branch)
   (You found it on level 3 of the Dungeon)
Talismans
 b - a beast talisman
 c - a flux talisman
Scrolls
 d - a scroll of revelation {unknown}
 f - 3 scrolls of identify
 h - a scroll of summoning {unknown}
 i - 2 scrolls of teleportation {unknown}
Potions
 g - 2 potions of heal wounds
 k - a potion of might {unknown}

Dungeon Overview and Level Annotations

Branches:
Dungeon (3/15) Zot: 16473

Altars:

Annotations:
D:3 3 runed translucent doors, HilariousDeathArtist's ghost, weakling DsBr

########......# ####.###
#.# # #########.# ## ..P
#>.#.# .###### ##.#.#
...#..# #.#.#
.###.#####.#.##### # ##
#............♣###...z
####.####........zz.....
.....# #...###..###.###
###### #........###.##
#########......).......
.......##.##.#...###.
######..........)#
####.......####
#######.............<


You could see 2 wights.


Message History

You take 6 damage, and now have 22/28 hp.
MASSIVE DAMAGE!! (PAUSE)
You tentacle-slap the worm. You squeeze the worm.
You constrict the worm, but do no damage. 😕 HP[+1]
You barely miss the worm. You squeeze the worm.
You kill the worm!
Your Stealth skill increases to level 6!
You see here a worm corpse.
A hobgoblin comes into view. 😎 HP[+5]
Your hp is fully restored (28).
A hobgoblin is nearby!
A hobgoblin is nearby!
The hobgoblin shouts!
You hear a shout!
A goblin comes into view. It is wielding a +0 dagger.
You see here 13 gold pieces.
You tentacle-slap the hobgoblin.
You kill the hobgoblin!
A dart slug comes into view.
You tentacle-slap the goblin. You grab the goblin. You constrict the goblin.
The dart slug launches a dart at you. The slug dart misses you.
The goblin hits you with a +0 dagger. 😕 HP[-2]
You take 2 damage, and now have 26/28 hp.
You tentacle-slap the goblin.
You kill the goblin!
You tentacle-slap the dart slug. You grab the dart slug.
You constrict the dart slug. You tentacle-slap the dart slug.
You constrict the dart slug. The dart slug launches a dart at you.
The slug dart misses you. 😕 HP[+1]
You tentacle-slap the dart slug.
You kill the dart slug!
No target in view!
You now have 66 gold pieces (gained 13).
Found a runed translucent gate. 😎 HP[+1]
Your hp is fully restored (28).
You now have 76 gold pieces (gained 10).
Key pressed, stopping explore.
Found a stone staircase leading down.
There is a stone staircase leading down here.
Things that are here:
a +0 dagger; a goblin corpse Key pressed, stopping explore.
Found a stone staircase leading down.
No target in view!
No target in view!
j - a +6 ring of strength You feel stronger.
j - a +6 ring of strength (left tentacle)
Found a stone staircase leading up.
i - 2 scrolls labelled HOLULAMMYPN (gained 1)
A bat comes into view.
A bat is nearby!
A bat is nearby!
A bat is nearby!
A bat is nearby!
The bat misses you. The bat barely misses you.
You tentacle-slap the bat.
You kill the bat!
No target in view!
k - a sedimented yellow potion Key pressed, stopping explore.
A wight comes into view. It is wielding a +4 dire flail.
A wight is nearby!
A wight comes into view. It is wielding a +4 spear of freezing.
A wight comes into view. It is wielding a +3 spear.
Okay, then.
As you read the scroll labelled OMAGU CIYMIONN, it crumbles to dust.
It is a scroll of identify.
g - 2 potions of heal wounds The wight misses you.
Okay, then.
The wight misses you.
Unknown command.
You tentacle-slap the wight but do no damage.
Your grab misses the wight.
You squeeze the wight, but do no damage.
The wight hits you with a +4 dire flail!
Ouch! That really hurt!
* * * LOW HITPOINT WARNING * * *
You feel drained.
* * * LOW HITPOINT WARNING * * *
😱 HP[-22]
You now have 27 max hp (-1).
You take 22 damage, and now have 6/27 hp.
MASSIVE DAMAGE!! (PAUSE)
Your transformation has ended.
You turn into a tree.
Your roots penetrate the ground.
The wight hits you with a +4 dire flail.
* * * LOW HITPOINT WARNING * * *
You feel drained.
* * * LOW HITPOINT WARNING * * *
The wight hits you from afar with a +4 spear of freezing.
* * * LOW HITPOINT WARNING * * *
The wight freezes you.
You die...

Skill      XL: |  1  2  3  4 |
---------------+-------------+-----
Stealth        | 2 4 5 6 |  6.1
Fighting       | |  1.0
Dodging        | |  2.0
Unarmed Combat | |  3.0
Shapeshifting  | |  3.0

Action                     |  1- 3 |  4- 6 || total
---------------------------+-------+-------++-------
  Melee: Unarmed           |    23 |    25 ||    48
         Tentacles         |     7 |     6 ||    13
         Constrict         |     5 |     7 ||    12
         Punch             |       |     2 ||     2
    Use: Scroll            |       |     1 ||     1
         Potion            |       |     1 ||     1
   Stab: Sleeping          |     5 |     2 ||     7
 Armour: Skin              |     1 |    13 ||    14
  Dodge: Dodged            |    14 |    12 ||    26

Levels and vault maps discovered:
D:1:      minmay_arrival_pointy, layout_basic, grunt_decor_arrowhead
D:2:      layout_loops_ring, serial_forest, infiniplex_forest_clump_curved,
          infiniplex_forest_corner_1, infiniplex_forest_lined_1,
          infiniplex_forest_clump_double, infiniplex_forest_split,
          infiniplex_forest_clump_medium, uniq_natasha
D:3:      layout_loops_ring, gammafunk_ghost_necromancy, serial_aquarium,
          aquarium_bridge_island_small [aquarium_subvault_small_open,
          aquarium_subvault_wall, aquarium_subvault_bridge,
          aquarium_subvault_bridge, aquarium_subvault_window],
          aquarium_bridge_square [aquarium_subvault_bridge,
          aquarium_subvault_bridge, aquarium_subvault_wall,
          aquarium_subvault_wall], aquarium_window_2, aquarium_window_fake,
          aquarium_window_fake, aquarium_view_2a, minmay_bisected

Notes
Turn   | Place    | Note
-------+----------+-------------------------------------------
     0 | D:1      | ytrimaz the Octopode Shapeshifter began the quest for the
                  | Orb.
     0 | D:1      | Reached XP level 1. HP: 13/13 MP: 1/1
     0 | D:1      | magus.rc [v1.9.6]
    85 | D:1      | Reached skill level 1 in Stealth
   326 | D:1      | Reached skill level 2 in Stealth
   328 | D:1      | Reached XP level 2. HP: 18/18 MP: 2/2
   490 | D:2      | Noticed Natasha
   497 | D:2      | Killed Natasha
   498 | D:2      | Reached skill level 4 in Stealth
   498 | D:2      | Reached XP level 3. HP: 23/23 MP: 3/3
   500 | D:2      | Noticed Natasha
   507 | D:2      | Killed Natasha
   508 | D:2      | Reached skill level 5 in Stealth
   508 | D:2      | Reached XP level 4. HP: 28/28 MP: 4/4
   804 | D:2      | Noticed Natasha
   813 | D:2      | Killed Natasha
  1275 | D:3      | Reached skill level 6 in Stealth
  1329 | D:3      | Found a runed translucent gate.
  1329 | D:3      | Found a runed translucent gate.
  1332 | D:3      | Found a runed translucent gate.
  1334 | D:3      | Noticed HilariousDeathArtist's ghost (weakling DsBr)
  1523 | D:3      | HP: 6/27 [wight/+4 dire flail (7)]
  1524 | D:3      | HP: 1/37 [wight/+4 spear of freezing (6)]
  1524 | D:3      | Slain by a wight

Vanquished Creatures
  Natasha (thrice) (D:2)
  A worm (D:3)
  2 dart slugs
  An endoplasm (D:1)
  A giant cockroach (D:3)
  2 hobgoblins
  4 kobolds
  A quokka (D:2)
  2 ball pythons
  A bat (D:3)
  3 goblins
  2 rats (D:1)
23 creatures vanquished.

Table legend:
 A = Non-vault XP
 B = Vault XP
 C = Vault XP percentage of total XP
 D = Non-vault monster count
 E = Vault monster count
 F = Vault count percentage of total count
                 A         B        C        D         E       F
            +---------+---------+-------+---------+---------+-------
      Total |     109 |      33 |  23.2 |      22 |       1 |   4.3
            +---------+---------+-------+---------+---------+-------
        D:1 |      14 |       0 |   0.0 |      10 |       0 |   0.0
        D:2 |      79 |      33 |  29.5 |       6 |       1 |  14.3
        D:3 |      16 |       0 |   0.0 |       6 |       0 |   0.0
            +---------+---------+-------+---------+---------+-------

Skill      XL: |  1  2  3  4 |
---------------+-------------+-----
Stealth        | 2 4 5 6 |  6.1
Fighting       | |  1.0
Dodging        | |  2.0
Unarmed Combat | |  3.0
Shapeshifting  | |  3.0

Action                     |  1- 3 |  4- 6 || total
---------------------------+-------+-------++-------
  Melee: Unarmed           |    23 |    25 ||    48
         Tentacles         |     7 |     6 ||    13
         Constrict         |     5 |     7 ||    12
         Punch             |       |     2 ||     2
    Use: Scroll            |       |     1 ||     1
         Potion            |       |     1 ||     1
   Stab: Sleeping          |     5 |     2 ||     7
 Armour: Skin              |     1 |    13 ||    14
  Dodge: Dodged            |    14 |    12 ||    26

Illustrated notes

Table legend:
 A = Kills in this place as a percentage of kills in the entire game.
 B = Kills by you in this place as a percentage of kills by you in the entire game.
 C = Kills by friends in this place as a percentage of kills by friends in the entire game.
 D = Other kills in this place as a percentage of other kills in the entire game.
 E = Experience gained in this place as a percentage of experience gained in the entire game.
 F = Experience gained in this place divided by the number of levels of this place that you have seen.
                   A       B       C       D       E      F
               +-------+-------+-------+-------+-------+----------------------
         Total | 100.0 | 100.0 |   N/A |   N/A | 100.0 |  47.3
       Dungeon | 100.0 | 100.0 |   N/A |   N/A | 100.0 |  47.3
               +-------+-------+-------+-------+-------+----------------------

Table legend: (Time is in decaauts)
 A = Elapsed time spent in this place.
 B = Non-inter-level travel time spent in this place.
 C = Inter-level travel time spent in this place.
 D = Time resting spent in this place.
 E = Time spent auto-exploring this place.
 F = Levels seen in this place.
 G = Mean time per level.
                   A        B        C        D        E       F      G
               +--------+--------+--------+--------+--------+-----+--------+
         Total |   1525 |   1482 |     43 |      0 |   1284 |   3 |  508.3 |
       Dungeon |   1525 |   1482 |     43 |      0 |   1284 |   3 |  508.3 |
               +--------+--------+--------+--------+--------+-----+--------+

Top non-repeatable levels by time:
     D:2: 783 daAuts
     D:1: 449 daAuts
     D:3: 292 daAuts
